 Dungeon Crawl Stone Soup version 0.18.1-8-gdd0e5ea (webtiles) character file.

47 zeroDi the Sneak (level 3, -6/18 HPs)
             Began as a Vine Stalker Assassin on May 21, 2016.
             Killed from afar by an orc wizard (9 damage)
             ... with a puff of flame
             ... on level 4 of the Dungeon.
             The game lasted 00:02:45 (1547 turns).

zeroDi the Sneak (Vine Stalker Assassin)            Turns: 1547, Time: 00:02:46

Health: -6/18      AC:  3    Str: 13    XL:     3   Next: 70%
Magic:  0/4        EV: 11    Int: 11    God:
Gold:   137        SH:  0    Dex: 16    Spells: 0 memorised, 2 levels left

rFire  . . .     SeeInvis .     a - +2 dagger
rCold  . . .     Gourm    .     c - +0 robe
rNeg   . . .     Faith    .     (no shield)
rPois  .         Spirit   +     (no helmet)
rElec  .         Dismiss  .     d - +0 cloak
rCorr  .         Reflect  .     (no gloves)
SustAt .         Harm     .     (no boots)
MR     .....                    (no amulet)
Stlth  +++.......               (no ring)
                                (no ring)

@: not resistant to hostile enchantments, fairly stealthy
A: fangs 2, regeneration 1, magic shield, antimagic bite, no device heal 3, rot
immunity
a: no special abilities


You were on level 4 of the Dungeon.
You were not hungry.

You visited 2 branches of the dungeon, and saw 4 of its levels.

You collected 137 gold pieces.


Innate Abilities, Weirdness & Mutations

You have extremely sharp teeth.
Your natural rate of healing is unusually fast.
When hurt, damage is shared between your health and your magic reserves.
Your bite disrupts and absorbs the magic of your enemies.
Potions and wands cannot restore your health.
You are immune to rotting.


   Skills:
 - Level 1.7 Fighting
 * Level 2.0 Short Blades
 - Level 3.4 Throwing
 - Level 0.7 Dodging
 - Level 4.8 Stealth


You had 2 spell levels left.
You didn't know any spells.

Inventory:

Hand Weapons
 a - a +2 dagger (weapon)
 b - a +0 blowgun
Missiles
 e - 25 poisoned needles
 f - 2 curare-tipped needles {=f}
Armour
 c - a +0 robe (worn)
 d - a +0 cloak (worn)
Jewellery
 q - a +3 ring of evasion {unknown}
 s - a +3 ring of protection {unknown}
Scrolls
 h - 2 scrolls of fog {unknown}
 j - a scroll of enchant weapon {unknown}
 m - a scroll of random uselessness {unknown}
 n - 4 scrolls of identify {unknown}
 t - 2 scrolls of amnesia {unknown}
 v - 3 scrolls of remove curse {unknown}
 y - 3 scrolls of blinking {unknown}
 z - 2 scrolls of magic mapping {unknown}
Potions
 i - a potion of berserk rage {unknown}
 k - 2 potions of flight {unknown}
 o - a potion of magic {unknown}
 p - a potion of degeneration {unknown}
 r - a potion of ambrosia {unknown}
 w - a potion of might {unknown}
 x - a potion of curing {unknown}
 A - a potion of mutation {unknown}
Comestibles
 g - 2 bread rations
 l - a meat ration
 u - 5 fruits

Dungeon Overview and Level Annotations

Branches:
Dungeon (4/15)             Temple (1/1) D:4

Altars:
Cheibriados
Fedhas
Kikubaaqudgha
Makhleb
Qazlal
Ru
Vehumet
Xom
The Shining One

#.# #.## ##.##.# #...>#
#.###..###..##.#### #....#
...............)..###....########
#.###..#....##.##.#.............#
#.#.............#o........#####.#
#.#....###..##...o........# #.#
..'.........##..#...##..#.# #.#
#.#....###................#####.#
#.#....#.....(..@...............#
..####.#............##..#########
#.####.#.###.######.##..##
...<.....................#
.........................#
..)......................#
.......#######..##..######
...........# #......##
'#####.....# #...#...###


You could see an orc wizard and an orc.


Message History

There is an open door here.
You barely miss the orc.
The orc is moderately wounded.
The orc hits you with a hand axe.
* * * LOW HITPOINT WARNING * * *
You hit the orc but do no damage.
The orc is moderately wounded.
The orc hits you with a hand axe.
* * * LOW HITPOINT WARNING * * *
You closely miss the orc. Your bite misses the orc.
The orc is moderately wounded.
You hit the orc.
You kill the orc!
Your Short Blades skill increases to level 2!
An orc wizard appears from thin air!
Reactivating autopickup.
The orc wizard casts a spell at you. The puff of flame hits you!
Ouch! That really hurt!
You die...

Action                   || total
-------------------------++-------
Melee: Dagger            ||    89
       Bite              ||    16
 Stab: Sleeping          ||     9
  Eat: Meat ration       ||     1
Armor: Robe              ||    17
Dodge: Dodged            ||    38

Vault maps used:
D:1:      roderic_crossed_star, fountainhead
D:2:      first_bread
D:4:      led_sif_book, kiku_gazebo_garden_becter, minmay_temple_entry_mist,
          serial_bayou, serial_bayou_crossing, serial_bayou_shore_b,
          serial_bayou_pond_d, serial_bayou_shore_b, serial_bayou_lake_a,
          uniq_edmund, uniq_robin
Temple:   cyrus_temple_forest_13

Notes
Turn   | Place    | Note
--------------------------------------------------------------
     0 | D:1      | zeroDi the Vine Stalker Assassin began the quest for the Orb.
     0 | D:1      | Reached XP level 1. HP: 11/11 MP: 2/2
    20 | D:1      | Reached skill level 2 in Throwing
   262 | D:1      | Reached XP level 2. HP: 12/15 MP: 1/3
   500 | D:1      | Reached skill level 3 in Throwing
   524 | D:1      | Reached XP level 3. HP: 16/18 MP: 4/4
  1133 | D:2      | You fall through a shaft for 2 floors!
  1287 | D:4      | Found a staircase to the Ecumenical Temple.
  1294 | Temple   | Entered the Ecumenical Temple
  1453 | D:4      | Found an ancient bone altar of Kikubaaqudgha.
  1515 | D:4      | HP: 1/18 [orc/hand axe (3)]
  1539 | D:4      | HP: 1/18 [orc/hand axe (2)]
  1541 | D:4      | Reached skill level 2 in Short Blades
  1547 | D:4      | Killed from afar by an orc wizard

Vanquished Creatures
  An adder (D:2)
  2 dart slugs (D:1)
  An orc (D:4)
  A ball python (D:2)
  2 giant cockroaches (D:1)
  5 goblins (D:1)
  2 hobgoblins (D:1)
  2 jackals (D:1)
  3 kobolds
  5 bats (D:1)
  2 giant newts
  6 rats
32 creatures vanquished.
